 Dungeon Crawl Stone Soup version 0.21.0 (webtiles) character file.

123621 edsrzf the Carver (level 16, -2/129 HPs)
             Began as a Vampire Hunter on Jan 11, 2018.
             Was the Champion of Okawaru.
             Slain by a naga warrior
             ... wielding a +0 scimitar
              (4 damage)
             ... on level 1 of the Snake Pit.
             The game lasted 02:25:43 (33180 turns).

edsrzf the Carver (Vampire Hunter)                 Turns: 33180, Time: 02:25:44

Health: -2/129     AC: 15    Str: 13    XL:     16   Next: 37%
Magic:  10/30      EV: 18    Int: 22    God:    Okawaru [******]
Gold:   2006       SH:  0    Dex: 12    Spells: 4/36 levels left

rFire    + + +     SeeInvis +   b - +6 triple sword (freeze)
rCold    + . .     Gourm    .   (shield currently unavailable)
rNeg     + . .     Faith    +   v - +2 leather armour {rF+}
rPois    +         Spirit   .   p - +1 helmet
rElec    .         Reflect  .   k - +0 cloak
rCorr    .         Harm     .   s - +2 pair of gloves {archery}
MR       +....                  R - +2 pair of boots {Fly}
Stlth    ++++++....             P - amulet "Lierouc" {Faith rF++ rC+ Dex-2 Stlth+}
HPRegen  0.51/turn              G - ring of poison resistance
MPRegen  0.22/turn              L - ring "Lar Ysom" {rN+ EV+4 Int+6 Dex-3 Stlth-}

@: heroism, finesse, flying, regenerating quickly, constricted, studying
Necromancy
A: fangs 3, see invisible, mutation resistance 1, unbreathing
a: Heroism, Finesse, Renounce Religion, Stop Flying


You were on level 1 of the Snake Pit.
You worshipped Okawaru.
Okawaru was exalted by your worship.
You were full.

You visited 5 branches of the dungeon, and saw 25 of its levels.
You also visited: Labyrinth and Ice Cave.

You collected 2346 gold pieces.
You spent 340 gold pieces at shops.

Inventory:

Hand Weapons
 a - the +7 captain's cutlass {speed, disarm}
   (Okawaru gifted it to you on level 4 of the Lair of Beasts)

   Attacks with this weapon are significantly faster.
 b - a +6 triple sword of freezing (weapon)
 w - a +0 blowgun
Missiles
 c - 6 javelins (quivered)
 d - 8 needles of frenzy
 g - 6 throwing nets {=f}
 h - 5 needles of sleeping
 y - 12 steel javelins
 B - 6 curare-tipped needles {=f}
 D - 5 exploding tomahawks
 H - 2 needles of confusion
 Y - 9 javelins of penetration
Armour
 k - a +0 cloak (worn)
 p - a +1 helmet (worn)
 s - a +2 pair of gloves of archery (worn)
 v - a +2 leather armour of fire resistance (worn)
 R - a +2 pair of boots of flying (worn)
Jewellery
 f - an uncursed ring of protection from cold
 x - a +5 ring of dexterity
 F - an uncursed ring of ice
 G - a ring of poison resistance (left hand)
 L - the ring "Lar Ysom" (right hand) {rN+ EV+4 Int+6 Dex-3 Stlth-}
   (You found it on level 4 of the Lair of Beasts)

   [ring of evasion]

   It affects your evasion (+4).
   It affects your intelligence (+6).
   It affects your dexterity (-3).
   It protects you from negative energy.
   It makes you less stealthy.
 P - the amulet "Lierouc" (around neck) {Faith rF++ rC+ Dex-2 Stlth+}
   (You found it on level 9 of the Dungeon)

   [amulet of faith]

   It allows you to gain divine favour quickly.
   It affects your dexterity (-2).
   It greatly protects you from fire.
   It protects you from cold.
   It makes you more stealthy.
 T - an uncursed ring of positive energy
 Z - an uncursed ring of resist corrosion
Wands
 n - a wand of iceblast (28)
 q - a wand of flame (120)
 J - a wand of clouds (8)
 K - a wand of enslavement (31)
 O - a wand of paralysis (47)
 Q - a wand of disintegration (33)
 W - a wand of acid (21)
Scrolls
 i - 4 scrolls of teleportation {@r3}
 j - 17 scrolls of remove curse {@r2}
 o - 6 scrolls of enchant armour
 z - a scroll of amnesia
 I - a scroll of fog
 U - 2 scrolls of fear
 V - a scroll of magic mapping
Potions
 e - 5 potions of haste
 l - 3 potions of agility
 m - 8 potions of curing
 r - 2 potions of ambrosia
 t - a potion of brilliance
 u - 5 potions of cancellation
 A - a potion of heal wounds
 C - 2 potions of magic
 E - 2 potions of berserk rage {!q}
 M - 3 potions of invisibility
 S - a potion of might
Books
 N - a book of Air
 X - a manual of Necromancy {!d}


   Skills:
 + Level 12.4(17.4) Fighting
 - Level 8.8(17.7) Short Blades
 + Level 13.5(19.3) Long Blades
 - Level 7.0(12.0) Throwing
 - Level 6.2(11.2) Dodging
 - Level 11.1(16.1) Stealth
 - Level 10.5 Spellcasting
 - Level 2.1 Conjurations
 - Level 10.6 Hexes
 + Level 11.3 Necromancy
 - Level 3.0 Translocations
 - Level 4.0 Air Magic
 - Level 8.0 Invocations


You had 4 spell levels left.
You knew the following spells:

 Your Spells              Type           Power        Failure   Level  Hunger
a - Airstrike             Air            ####......   13%         4    #......
b - Blink                 Tloc           N/A          3%          2    None
c - Confuse               Hex            ######..     1%          3    None
d - Tukima's Dance        Hex            ######..     1%          3    None
h - Ensorcelled Hibernat  Hex/Ice        #####.       1%          2    None
w - Swiftness             Chrm/Air       ###.....     4%          2    None
y - Yara's Violent Unrav  Hex/Tmut       #####.....   22%         5    ####...
z - Dazzling Spray        Conj/Hex       #####.       1%          3    None
C - Mephitic Cloud        Conj/Pois/Air  ###.....     9%          3    None
S - Silence               Hex/Air        #####.....   10%         5    ####...


Dungeon Overview and Level Annotations

Branches:
Dungeon (15/15)            Temple (1/1) D:6            Lair (6/6) D:9
 Shoals (0/4) Lair:2        Snake (1/4) Lair:3        Slime (0/5) Lair:5
    Orc (2/2) D:12            Elf (0/3) Orc:2        Vaults (0/5) D:13
 Depths (0/5) D:15

Altars:
Ashenzari
Cheibriados
Dithmenos
Elyvilon
Fedhas
Gozag
Hepliaklqana
Kikubaaqudgha
Makhleb
Nemelex Xobeh
Okawaru
Qazlal
Ru
Sif Muna
Trog
Uskayaw
Vehumet
Wu Jian
Xom
Yredelemnul
Zin
The Shining One
Beogh

Shops:
D:8 *   Orc:2 [[%:

Annotations:
Lair:3 exclusion: 2 oklob plants


Innate Abilities, Weirdness & Mutations

Your natural rate of healing is unusually fast.
You have razor-sharp teeth.
You have supernaturally acute eyesight. (SInv)
You can survive without breathing.
You are somewhat resistant to further mutation.


Message History

The naga warrior resists with almost no effort.
The anaconda misses you.
The anaconda bites you but does no damage.
The naga warrior spits poison at you. The splash of poison misses you.
The anaconda barely misses you. The anaconda bites you.
Casting: Ensorcelled Hibernation
Confirm with . or Enter, or press ? or * to list all spells.
Aiming: Ensorcelled Hibernation
Press: ? - help, Shift-Dir - straight line, f/p - naga warrior
Aim: a naga warrior, wielding a scimitar (catching its breath, chance to defeat MR: 15%)
The anaconda looks drowsy...
You feel sick.
The naga warrior hits you with a scimitar!
The naga warrior grabs you. The naga warrior constricts you.
The salamander hits you from afar with a spear!
You are engulfed in flames.
You resist.
The helpless anaconda fails to defend itself.
You spit the anaconda like a pig!!!!
You kill the anaconda!
Okawaru accepts your kill.
Your +6 triple sword of freezing glows with a cold blue light!
b - a +6 triple sword of freezing (weapon)
The salamander closely misses you. The black mamba closely misses you.
Okay, then.
You gain the combat prowess of a mighty hero.
You feel sick. The naga warrior closely misses you.
The naga warrior constricts you. The black mamba barely misses you.
The salamander hits you from afar with a spear!
You are engulfed in flames.
You resist.
You can now deal lightning-fast blows.
The black mamba misses you. The naga spits poison at you.
The splash of poison misses you. The naga warrior completely misses you.
You riposte.
You closely miss the naga warrior. The naga warrior constricts you.
The black mamba closely misses you.
You riposte.
You hit the black mamba. You freeze the black mamba.
The black mamba is lightly wounded.
The salamander hits you from afar with a spear.
You are engulfed in flames.
You resist.
You slash the naga warrior! You freeze the naga warrior!
The naga warrior is moderately wounded.
You feel sick. The black mamba bites you.
You are more poisoned.
The black mamba poisons you!
The naga warrior hits you with a scimitar!!
The naga warrior constricts you.
You closely miss the naga warrior. You bite the naga warrior.
The naga warrior is moderately wounded.
The black mamba misses you.
The salamander hits you from afar with a spear!
* * * LOW HITPOINT WARNING * * *
You are engulfed in flames.
You resist.
* * * LOW HITPOINT WARNING * * *
You hit the naga warrior. You freeze the naga warrior.
The naga warrior is moderately wounded.
You feel sick. The black mamba closely misses you.
You barely miss the naga warrior.
The naga warrior is moderately wounded.
You feel sick. The naga misses you.
The naga mage gestures wildly while chanting.
The naga mage seems to speed up.
The naga warrior hits you with a scimitar!
* * * LOW HITPOINT WARNING * * *
x2 The naga warrior constricts you.
The salamander hits you but does no damage.
You hear a shout!
As you read the scroll of fear, it crumbles to dust.
You assume a fearsome visage.
The naga ritualist looks frightened!
The black mamba looks frightened! x2
The naga ritualist resists with some effort.
The naga looks frightened!
The salamander looks frightened!
The naga warrior easily resists.
The naga mage looks frightened!
The naga looks frightened!
You feel sick. The naga warrior spits poison at you.
The splash of poison misses you.
* * * LOW HITPOINT WARNING * * *
The naga warrior constricts you.
Unknown command.
You feel better. The naga warrior closely misses you.
You riposte.
You slash the naga warrior! You freeze the naga warrior.
The naga warrior is heavily wounded.
The naga warrior constricts you.
Press: ? - help, v - describe, . - travel
Here: a naga warrior, wielding a scimitar (heavily wounded, constricting you, catching its breath)
The floor, spattered with blood.
You barely miss the naga warrior.
The naga warrior is heavily wounded.
You slash the naga warrior! You freeze the naga warrior!
The naga warrior is severely wounded.
A naga warrior comes into view. It is wielding a glaive.
You slash the naga warrior! You freeze the naga warrior.
The naga warrior is almost dead.
The naga ritualist spits poison at you. The splash of poison misses you.
The splash of poison hits the naga ritualist.
The naga ritualist is poisoned.
The naga ritualist's attack snaps the naga ritualist out of its fear.
The naga warrior hits you with a scimitar!!
* * * LOW HITPOINT WARNING * * *
You die...

.♣♣≈≈≈ #.N..N
#.≈≈≈≈ ....>
#.♣;♣≈ #NN.. ###
#....≈ #....
#S.# ##.... #..N
.N..# #..(..
#N.. #....#
##.#...
#..N###.....#
#.##..# #.N@†N#
##.#####
#####.#######.##
##.##.......#
##..........##
#.......)..##
##.......###
#....#####..
####.......#
#.####.##


You could see 2 naga warriors, a salamander (fleeing), 2 naga ritualists, a naga
mage (fleeing) and 3 nagas.

Vanquished Creatures
  Gastronok (D:9)
  A fire giant (D:15)
  An orc warlord (Orc:2)
  Azrael (D:15)
  Snorg (Lair:5)
  Josephine (Lair:6)
  A minotaur (Lab)
  2 ogre magi
  Harold (Orc:1)
  7 hydras
  A naga warrior (Snake:1)
  Erica (D:9)
  3 anacondas (Snake:1)
  A catoblepas (Lair:6)
  A rakshasa (D:15)
  4 centaur warriors
  2 dancing weapons (D:13)
  A deep troll shaman (Lair:6)
  8 two-headed ogres
  7 orc high priests (Orc:2)
  2 tengu warriors
  5 death yaks
  10 skeletal warriors
  A fire crab (Lair:4)
  Sonja (D:15)
  An unseen horror (D:14)
  The ghost of mluneth the Fighter, a novice MiFi of Ru (D:5)
  2 naga ritualists (Snake:1)
  3 deep elf magi
  4 orc knights
  A necromancer (IceCv)
  A wolf spider zombie (D:14)
  A lindwurm (Lair:6)
  A deep elf archer (D:14)
  2 mana vipers (Snake:1)
  Pikel (D:9)
  7 ugly things
  An oklob plant (Lair:6)
  6 cyclopes
  3 manticores
  10 black mambas
  5 centaur zombies
  15 elephants
  3 ice statues (IceCv)
  13 spiny frogs
  A gargoyle (D:14)
  An efreet (D:14)
  2 freezing wraiths (D:14)
  6 komodo dragons
  A kobold demonologist (D:15)
  A tengu conjurer (D:15)
  7 ice devils (IceCv)
  3 meliai (D:14)
  6 trolls
  4 polar bears
  4 slime creatures
  17 hippogriffs
  4 dream sheep (Lair:6)
  30 blink frogs
  A snapping turtle (Lair:2)
  58 yaks
  A spriggan (D:8)
  7 wraiths
  5 wyverns
  3 basilisks
  2 shadows
  2 fire elementals (D:15)
  A hungry ghost (D:11)
  A steam dragon (Lair:3)
  A vampire mosquito (D:15)
  A naga (Snake:1)
  5 wargs (Orc:2)
  2 acid dragons (D:12)
  6 hell hounds (D:15)
  18 water moccasins
  32 orc warriors
  8 porcupines
  10 ice beasts
  2 sky beasts
  2 black bears
  4 slaves (D:9)
  A necrophage (D:10)
  4 phantoms
  13 centaurs
  18 ogres
  19 wolves
  3 eyes of draining
  2 boggarts (D:14)
  13 crocodiles
  6 big kobolds
  A gnoll sergeant (D:5)
  15 bullfrogs
  3 scorpions
  28 killer bees (Lair:3)
  5 howler monkeys
  5 wights (D:13)
  9 crimson imps
  A draconian simulacrum (IceCv)
  8 hounds
  8 jellies
  41 orc priests
  A quasit (D:12)
  3 bullfrog skeletons
  9 centaur skeletons
  6 iguanas
  31 orc wizards
  12 hell rats
  2 spriggan simulacra (IceCv)
  10 worker ants
  2 troll simulacra (IceCv)
  2 centaur simulacra (IceCv)
  Robin (D:1)
  A howler monkey skeleton (D:4)
  8 gnolls
  14 adders
  A naga simulacrum (IceCv)
  2 ogre simulacra (IceCv)
  2 river rats (Lair:3)
  3 shadow imps
  2 oozes (Lair:5)
  2 adder skeletons
  3 worms
  3 leopard geckos
  146 orcs
  3 ball pythons
  4 giant cockroaches
  12 goblins
  8 hobgoblins
  17 jackals
  31 kobolds
  4 quokkas
  11 bats
  4 frilled lizards
  A quokka skeleton (D:9)
  A quokka zombie (D:9)
  5 rats
  A plant (Lair:6)
976 creatures vanquished.

Vanquished Creatures (others)
  An efreet (D:14)
  A dancing weapon (D:15)
  An orc (D:14)
  35 fungi
  41 plants
79 creatures vanquished.

Grand Total: 1055 creatures vanquished

Notes
Turn   | Place    | Note
-------+----------+-------------------------------------------
     0 | D:1      | edsrzf the Vampire Hunter began the quest for the Orb.
     0 | D:1      | Reached XP level 1. HP: 16/16 MP: 1/1
   180 | D:1      | Reached skill level 2 in Stealth
   266 | D:1      | Reached skill level 1 in Short Blades
   464 | D:1      | Reached XP level 2. HP: 22/22 MP: 2/2
   864 | D:2      | Reached skill level 3 in Stealth
  1021 | D:2      | Noticed Robin
  1129 | D:2      | Reached skill level 2 in Short Blades
  1129 | D:2      | Reached XP level 3. HP: 7/27 MP: 3/3
  1429 | D:2      | Reached skill level 4 in Stealth
  1725 | D:1      | Killed Robin
  1754 | D:1      | Learned a level 2 spell: Ensorcelled Hibernation
  1821 | D:2      | Reached XP level 4. HP: 33/33 MP: 4/4
  1994 | D:3      | Noticed an ogre
  2003 | D:3      | Killed an ogre
  2003 | D:3      | Reached skill level 3 in Short Blades
  2003 | D:3      | Reached skill level 5 in Stealth
  2003 | D:3      | Reached skill level 1 in Spellcasting
  2003 | D:3      | Reached skill level 2 in Hexes
  2003 | D:3      | Reached XP level 5. HP: 16/38 MP: 4/6
  2010 | D:3      | Identified 3 scrolls of identify
  2010 | D:3      | Identified 4 scrolls of remove curse
  2011 | D:3      | Identified 2 scrolls of teleportation
  2095 | D:3      | Learned a level 3 spell: Confuse
  2600 | D:3      | Reached skill level 3 in Hexes
  2600 | D:3      | Reached XP level 6. HP: 44/44 MP: 3/8
  2660 | D:3      | Identified a potion of curing
  2661 | D:3      | Identified a potion of agility
  2662 | D:3      | Identified a potion of haste
  2987 | D:4      | Reached skill level 4 in Short Blades
  2987 | D:4      | Reached skill level 6 in Stealth
  2987 | D:4      | Reached skill level 2 in Spellcasting
  3420 | D:4      | Identified a potion of ambrosia
  3490 | D:4      | Reached skill level 4 in Hexes
  3513 | D:4      | Reached XP level 7. HP: 49/49 MP: 7/10
  3560 | D:4      | Reached skill level 7 in Stealth
  3794 | D:5      | Entered Level 5 of the Dungeon
  3806 | D:5      | Found a shimmering altar of Xom.
  3908 | D:5      | Reached skill level 3 in Spellcasting
  3908 | D:5      | Reached skill level 5 in Hexes
  3932 | D:5      | Noticed mluneth's ghost (novice MiFi)
  4273 | D:5      | Identified 2 potions of cancellation
  4281 | D:5      | Reached skill level 5 in Short Blades
  5137 | D:5      | Reached skill level 8 in Stealth
  5137 | D:5      | Reached XP level 8. HP: 54/55 MP: 8/13
  5412 | D:6      | Reached skill level 6 in Hexes
  5782 | D:6      | Identified a potion of degeneration
  5788 | D:6      | Found a staircase to the Ecumenical Temple.
  5807 | Temple   | Entered the Ecumenical Temple
  6205 | D:6      | Reached skill level 4 in Spellcasting
  6428 | D:6      | Reached skill level 6 in Short Blades
  6515 | D:6      | Reached skill level 9 in Stealth
  6515 | D:6      | Reached skill level 7 in Hexes
  7401 | D:5      | Killed mluneth's ghost
  7401 | D:5      | Reached skill level 10 in Stealth
  7401 | D:5      | Reached skill level 5 in Spellcasting
  7401 | D:5      | Reached skill level 8 in Hexes
  7401 | D:5      | Reached XP level 9. HP: 61/61 MP: 3/16
  7617 | D:5      | Reached skill level 7 in Short Blades
  7756 | D:7      | Found a glowing golden altar of the Shining One.
  8199 | D:7      | Identified a potion of magic
  8332 | D:7      | Reached skill level 9 in Hexes
  8633 | D:8      | Found an iron altar of Okawaru.
  8637 | D:8      | Became a worshipper of Warmaster Okawaru
  8777 | D:8      | Reached skill level 11 in Stealth
  8823 | D:8      | Identified a potion of flight
  9008 | D:8      | Noticed a two-headed ogre
  9009 | D:8      | Reached skill level 6 in Spellcasting
  9038 | D:8      | Killed a two-headed ogre
  9038 | D:8      | Reached * piety under Okawaru
  9038 | D:8      | Reached ** piety under Okawaru
  9038 | D:8      | Reached skill level 8 in Short Blades
  9038 | D:8      | Reached skill level 3 in Dodging
  9038 | D:8      | Reached XP level 10. HP: 66/67 MP: 6/19
  9088 | D:8      | Found Ifeif's Assorted Antiques.
  9098 | D:8      | Bought a bubbling sapphire potion for 21 gold pieces
  9098 | D:8      | Bought a scroll labeled NYACSEN ZEOK for 24 gold pieces
  9098 | D:8      | Bought a scroll labeled NYACSEN ZEOK for 24 gold pieces
  9098 | D:8      | Bought a scroll labeled KUOCIGROEMYO for 24 gold pieces
  9098 | D:8      | Identified 3 scrolls of enchant weapon
  9099 | D:8      | Identified 3 scrolls of magic mapping
  9634 | D:9      | Noticed Erica
  9661 | D:9      | Reached skill level 10 in Hexes
  9676 | D:9      | Killed Erica
  9676 | D:9      | Reached skill level 4 in Dodging
  9897 | D:9      | Noticed Gastronok
  9909 | D:9      | Learned a level 3 spell: Tukima's Dance
  9913 | D:9      | Learned a level 3 spell: Dazzling Spray
 10142 | D:9      | Reached skill level 1 in Long Blades
 10147 | D:9      | Reached skill level 7 in Spellcasting
 10181 | D:9      | Reached *** piety under Okawaru
 10181 | D:9      | Reached skill level 1 in Conjurations
 10215 | D:9      | Got a shimmering zirconium amulet
 10216 | D:9      | Identified a potion of berserk rage
 10321 | D:9      | Noticed Pikel
 10330 | D:9      | Killed Pikel
 10330 | D:9      | Received a gift from Okawaru
 10330 | D:9      | Reached skill level 2 in Long Blades
 10330 | D:9      | Reached skill level 5 in Dodging
 10367 | D:9      | Found a staircase to the Lair.
 10485 | Lair:1   | Entered Level 1 of the Lair of Beasts
 10485 | Lair:1   | Noticed a spiny frog
 10486 | Lair:1   | Killed a spiny frog
 10501 | Lair:1   | Reached skill level 2 in Conjurations
 10623 | Lair:1   | Reached **** piety under Okawaru
 10623 | Lair:1   | Reached skill level 2 in Fighting
 10623 | Lair:1   | Reached skill level 3 in Long Blades
 10638 | Lair:1   | Reached XP level 11. HP: 72/72 MP: 13/22
 10689 | Lair:1   | Reached skill level 6 in Dodging
 10840 | Lair:1   | Noticed a six-headed hydra
 10852 | Lair:1   | Killed a six-headed hydra
 10918 | Lair:1   | Identified the amulet "Lierouc" {Faith rF++ rC+ Dex-2 Stlth+} (You found it on level 9 of the Dungeon)
 10941 | Lair:1   | Reached ***** piety under Okawaru
 10941 | Lair:1   | Reached skill level 3 in Fighting
 10953 | Lair:1   | Reached skill level 4 in Long Blades
 10960 | Lair:1   | Reached skill level 8 in Spellcasting
 11365 | Lair:1   | Reached skill level 4 in Throwing
 11444 | Lair:1   | Reached skill level 4 in Fighting
 11781 | Lair:1   | Reached skill level 5 in Long Blades
 12103 | Lair:2   | Noticed a five-headed hydra
 12191 | Lair:2   | Received a gift from Okawaru
 12429 | Lair:2   | Reached skill level 5 in Fighting
 12429 | Lair:2   | Reached XP level 12. HP: 86/86 MP: 5/24
 12455 | Lair:2   | Reached skill level 5 in Throwing
 12579 | Lair:2   | Killed a two-headed hydra
 12579 | Lair:2   | Reached skill level 6 in Long Blades
 12579 | Lair:2   | Reached skill level 9 in Spellcasting
 12754 | Lair:2   | Received a gift from Okawaru
 12754 | Lair:2   | Reached ****** piety under Okawaru
 12981 | Lair:2   | Found a staircase to the Shoals.
 13264 | Lair:3   | Got a pitted long sword
 13265 | Lair:3   | Identified the +6 long sword "Vuisauk" {speed, *Drain +Fly Str+4} (You found it on level 3 of the Lair of Beasts)
 13316 | Lair:3   | Identified 4 scrolls of fear
 13317 | Lair:3   | Identified 3 scrolls of enchant armour
 13318 | Lair:3   | Identified 2 scrolls of immolation
 13375 | Lair:3   | Received a gift from Okawaru
 13517 | Lair:3   | Found a staircase to the Snake Pit.
 13548 | Lair:3   | Reached skill level 6 in Fighting
 13580 | Lair:3   | Noticed a five-headed hydra
 13585 | Lair:3   | Killed a five-headed hydra
 13585 | Lair:3   | Reached skill level 7 in Long Blades
 13662 | Lair:3   | Reached skill level 6 in Throwing
 14700 | Lair:4   | Identified 2 potions of invisibility
 14815 | Lair:4   | Received a gift from Okawaru
 14935 | Lair:4   | Identified a scroll of random uselessness
 14964 | Lair:4   | Identified a scroll of fog
 14966 | Lair:4   | Got a flickering tin ring
 14968 | Lair:4   | Identified the ring "Lar Ysom" {rN+ EV+4 Int+6 Dex-3 Stlth-} (You found it on level 4 of the Lair of Beasts)
 15016 | Lair:4   | Noticed a seven-headed hydra
 15020 | Lair:4   | Noticed an eight-headed hydra
 15022 | Lair:4   | Reached skill level 10 in Spellcasting
 15064 | Lair:4   | Killed an eight-headed hydra
 15066 | Lair:4   | Received a gift from Okawaru
 15066 | Lair:4   | Reached skill level 7 in Fighting
 15067 | Lair:4   | Found the +7 captain's cutlass {speed, disarm}
 15076 | Lair:4   | Identified a scroll of amnesia
 15104 | Lair:4   | Reached XP level 13. HP: 93/96 MP: 19/27
 15162 | Lair:4   | Reached skill level 8 in Long Blades
 15409 | Lair:5   | Identified a scroll of brand weapon
 15510 | Lair:5   | Reached skill level 7 in Throwing
 15527 | Lair:5   | Learned a level 2 spell: Blink
 15532 | Lair:5   | Identified a scroll of vulnerability
 15538 | Lair:5   | Found a staircase to the Slime Pits.
 15539 | Lair:5   | Noticed Snorg
 15597 | Lair:5   | Received a gift from Okawaru
 15597 | Lair:5   | Reached skill level 1 in Invocations
 15999 | Lair:5   | Reached skill level 2 in Invocations
 16082 | Lair:6   | Entered Level 6 of the Lair of Beasts
 16398 | Lair:6   | Reached skill level 8 in Fighting
 16398 | Lair:6   | Reached skill level 9 in Long Blades
 16482 | Lair:6   | Reached skill level 3 in Invocations
 17003 | Lair:6   | Received a gift from Okawaru
 17024 | Lair:6   | Identified a scroll of torment
 17026 | Lair:6   | Got a shimmering hat {god gift}
 17037 | Lair:6   | Identified the +1 hat "Yfishat" {Dex+5 SInv} (Okawaru gifted it to you on level 6 of the Lair of Beasts)
 17187 | Lair:6   | Noticed Josephine
 17376 | Lair:6   | Reached skill level 4 in Invocations
 17448 | Lair:6   | Killed Josephine
 17868 | Lair:5   | Killed Snorg
 18255 | Lair:6   | Reached skill level 9 in Fighting
 18295 | Lair:6   | Identified a potion of might
 18376 | Lair:6   | Reached XP level 14. HP: 108/108 MP: 24/28
 18382 | Lair:6   | Reached skill level 10 in Long Blades
 18382 | Lair:6   | Reached skill level 5 in Invocations
 18470 | Lair:6   | HP: 4/108 [death yak (23)]
 19074 | Lair:6   | Received a gift from Okawaru
 19080 | Lair:6   | Learned a level 3 spell: Mephitic Cloud
 19082 | Lair:6   | Got a dazzling rapier {god gift}
 19083 | Lair:6   | Identified the +1 rapier "Nuavau Athio" {pain, Dex+4} (Okawaru gifted it to you on level 6 of the Lair of Beasts)
 19532 | D:9      | Killed Gastronok
 19532 | D:9      | Reached skill level 1 in Air Magic
 19575 | D:10     | Entered Level 10 of the Dungeon
 19724 | D:10     | Reached skill level 6 in Invocations
 20041 | D:10     | Identified a scroll of acquirement
 20054 | D:10     | Received a gift from Okawaru
 20230 | D:10     | Identified a scroll of blinking
 20506 | D:11     | Reached skill level 2 in Air Magic
 21247 | D:12     | Found a frozen archway.
 21294 | IceCv    | Entered an ice cave
 21874 | IceCv    | Received a gift from Okawaru
 21881 | IceCv    | Reached skill level 3 in Air Magic
 21891 | IceCv    | Gained mutation: You are somewhat resistant to further mutation. [potion of mutation]
 22326 | IceCv    | Reached skill level 10 in Fighting
 22387 | IceCv    | Reached skill level 11 in Long Blades
 22820 | IceCv    | Got a crude chain mail
 22831 | IceCv    | Identified the +6 chain mail of Nemelex Xobeh's Esteem {Dex+6} (You found it in an ice cave)
 22839 | IceCv    | Got an ichor-stained chain mail
 22845 | IceCv    | Identified the +7 chain mail "Zefausuv" {+Blink rF- MR+ Dex+9} (You found it in an ice cave)
 23006 | D:12     | HP: 5/110 [acid (5)]
 23572 | D:12     | Reached skill level 4 in Air Magic
 23582 | D:12     | Reached skill level 7 in Invocations
 23587 | D:12     | Found a roughly hewn altar of Beogh.
 23587 | D:12     | Found a staircase to the Orcish Mines.
 23652 | D:12     | Received a gift from Okawaru
 23672 | D:12     | Reached skill level 1 in Translocations
 23812 | Orc:1    | Entered Level 1 of the Orcish Mines
 23891 | Orc:1    | Noticed Harold
 23902 | Orc:1    | Killed Harold
 24050 | Orc:2    | Entered Level 2 of the Orcish Mines
 24338 | Orc:2    | Found a labyrinth entrance.
 24443 | Lab      | Entered a labyrinth
 24983 | Lab      | Got a coiled lapis lazuli ring
 24983 | Lab      | Got a bound copper amulet
 24984 | Lab      | Identified the ring "Muotoid" {*Slow rN+ Str+4 Int+2 Stlth+} (You found it in a labyrinth)
 24986 | Lab      | Identified the amulet "Xeucor" {Spirit rPois Str+3 Dex-4} (You found it in a labyrinth)
 25125 | Orc:2    | Found Tonuinni's Food Emporium.
 25125 | Orc:2    | Found Tuneug's Antique Armour Boutique.
 25132 | Orc:2    | Reached skill level 2 in Translocations
 25265 | Orc:2    | Received a gift from Okawaru
 25265 | Orc:2    | Reached XP level 15. HP: 66/117 MP: 29/29
 25376 | Orc:2    | Found Kyeny's Armour Boutique.
 25428 | Orc:2    | Found a staircase to the Elven Halls.
 25455 | Orc:2    | Found a roughly hewn altar of Beogh.
 25761 | Orc:2    | Noticed an orc warlord
 25799 | Orc:2    | Killed an orc warlord
 26318 | Orc:2    | Found Vousomya's Weapon Emporium.
 26318 | Orc:2    | Found Raficsai's Book Boutique.
 26362 | Orc:2    | Found a roughly hewn altar of Beogh.
 26403 | Orc:2    | Reached skill level 3 in Translocations
 26682 | Orc:2    | Bought a pair of spiked boots for 247 gold pieces
 26692 | Orc:2    | Identified the +1 pair of boots of Idealism {rN+} (You bought it in a shop on level 2 of the Orcish Mines)
 26781 | D:12     | Learned a level 5 spell: Yara's Violent Unravelling
 26787 | D:12     | Learned a level 5 spell: Silence
 27028 | D:12     | Reached skill level 1 in Necromancy
 27490 | D:13     | Reached skill level 8 in Invocations
 27503 | D:13     | Learned a level 2 spell: Swiftness
 27508 | D:13     | Learned a level 4 spell: Airstrike
 27542 | D:13     | Reached skill level 2 in Necromancy
 27642 | D:13     | Found a gate to the Vaults.
 27776 | D:13     | Reached skill level 3 in Necromancy
 27788 | D:13     | Found a stormy altar of Qazlal.
 27970 | D:13     | Reached skill level 12 in Long Blades
 27993 | D:13     | Identified a potion of brilliance
 28368 | D:13     | Reached skill level 11 in Fighting
 28368 | D:13     | Reached skill level 4 in Necromancy
 28839 | D:14     | Received a gift from Okawaru
 29161 | D:14     | Reached skill level 5 in Necromancy
 29258 | D:15     | Entered Level 15 of the Dungeon
 29400 | D:14     | Received a gift from Okawaru
 29400 | D:14     | Reached skill level 6 in Necromancy
 29584 | D:14     | Received a gift from Okawaru
 29648 | D:14     | Reached skill level 7 in Necromancy
 29772 | D:14     | Found a shadowy altar of Dithmenos.
 29984 | D:14     | Reached skill level 8 in Necromancy
 30424 | D:15     | Received a gift from Okawaru
 30997 | D:15     | Noticed Azrael
 31019 | D:15     | Killed Azrael
 31082 | D:15     | Reached skill level 9 in Necromancy
 31156 | D:15     | Reached XP level 16. HP: 127/127 MP: 23/30
 31162 | D:15     | Reached skill level 13 in Long Blades
 31312 | D:15     | Noticed Sonja
 31318 | D:15     | Killed Sonja
 31434 | D:15     | Reached skill level 12 in Fighting
 31514 | D:15     | Reached skill level 10 in Necromancy
 31555 | D:15     | Received a gift from Okawaru
 32195 | D:15     | Found a staircase to the Depths.
 32410 | D:15     | Received a gift from Okawaru
 32629 | Snake:1  | Entered Level 1 of the Snake Pit
 33089 | Snake:1  | Reached skill level 11 in Necromancy
 33180 | Snake:1  | HP: 2/129 [naga warrior/scimitar (22)]
 33180 | Snake:1  | Slain by a naga warrior

Skill      XL: |  1  2  3  4  5  6  7  8  9 10 11 12 13 14 15 16 |
---------------+-------------------------------------------------+-----
Stealth        | 2 3 4 5 6 8 10 11 | 11.1
Short Blades   | 1 2 3 4 5 6 8 |  8.8
Spellcasting   | 1 2 3 5 6 7 8 10 | 10.5
Hexes          | 2 3 4 5 8 9 10 | 10.6
Dodging        | 3 5 6 |  6.2
Long Blades    | 3 5 7 9 11 12 13 | 13.5
Conjurations   | 2 |  2.1
Fighting       | 2 5 7 9 10 11 12 | 12.4
Throwing       | 4 6 7 |  7.0
Invocations    | 4 7 8 |  8.0
Air Magic      | 4 |  4.0
Translocations | 2 3 |  3.0
Necromancy     | 9 11 | 11.3

Action                   |  1- 3 |  4- 6 |  7- 9 | 10-12 | 13-15 | 16-18 || total
-------------------------+-------+-------+-------+-------+-------+-------++-------
Melee: Short sword       |    90 |       |       |       |       |       ||    90
       Bite              |     7 |    11 |    58 |    48 |   203 |    18 ||   345
       Dagger            |    40 |   175 |   371 |   361 |     3 |       ||   950
       Scimitar          |       |       |       |     8 |   644 |    36 ||   688
       Long sword        |       |       |       |    44 |       |       ||    44
       Cutlass           |       |       |       |     1 |  1126 |    62 ||  1189
       Punch             |       |       |       |       |     2 |       ||     2
       Triple sword      |       |       |       |       |       |    45 ||    45
Throw: Javelin           |     5 |     6 |       |       |     1 |       ||    12
       Throwing net      |     2 |       |       |       |       |       ||     2
 Cast: Ensorcelled Hiber |       |    12 |    58 |   174 |   215 |    19 ||   478
       Confuse           |       |       |    31 |    23 |   109 |    12 ||   175
       Dazzling Spray    |       |       |       |    10 |    36 |     7 ||    53
       Blink             |       |       |       |       |    13 |     2 ||    15
       Mephitic Cloud    |       |       |       |       |     2 |       ||     2
       Tukima's Dance    |       |       |       |       |    11 |     5 ||    16
       Airstrike         |       |       |       |       |     2 |       ||     2
Invok: Heroism           |       |       |       |       |     3 |     3 ||     6
       Finesse           |       |       |       |       |       |     1 ||     1
Evoke: Wand              |       |       |       |       |     1 |       ||     1
  Use: Scroll            |       |     6 |     4 |    13 |    23 |     2 ||    48
       Potion            |       |       |     1 |       |     8 |     1 ||    10
 Stab: Sleeping          |     5 |    15 |    40 |   121 |   151 |    14 ||   346
       Confused          |       |       |    12 |    12 |    87 |     3 ||   114
       Distracted        |       |       |     1 |     3 |    16 |     1 ||    21
       Invisible         |       |       |       |     8 |    21 |     1 ||    30
       Fleeing           |       |       |       |       |     1 |       ||     1
  Eat: Corpse            |     8 |     7 |    18 |    21 |    38 |     5 ||    97
Armor: Leather armour    |    28 |       |    78 |    81 |   270 |    18 ||   475
       Animal skin       |       |    45 |    29 |       |       |       ||    74
       Skin              |       |       |       |       |     1 |       ||     1
Dodge: Dodged            |    81 |    97 |   147 |   298 |  1148 |   104 ||  1875
Block: Other             |       |       |       |    15 |       |       ||    15
       Reflection        |       |       |       |     2 |       |       ||     2
       Rpst.: Long sword |       |       |       |    20 |       |       ||    20
       Scimitar          |       |       |       |       |   115 |     6 ||   121
       Triple sword      |       |       |       |       |       |     7 ||     7
